 Dungeon Crawl Stone Soup version 0.32-a0-685-g93135e86f0 (webtiles) character file.

Game seed: 9002963815357562258

89 senseless the Trooper (level 4, -1/36 HPs)
             Began as a Coglin Berserker on Mar 12, 2024.
             Was a Believer of Trog.
             Slain by an orc
             ... wielding a +0 flail
              (8 damage)
             ... on level 3 of the Dungeon.
             The game lasted 00:02:48 (1804 turns).

senseless the Trooper (Coglin Berserker)            Turns: 1804, Time: 00:02:48

Health: -1/36      AC:  3    Str: 20    XL:     4   Next: 55%
Magic:  4/4        EV: 12    Int:  6    God:    Trog [**....]
Gold:   142        SH:  0    Dex: 13    Spells: 3/3 levels left

rFire   . . .        a - +0 hand axe {Constanze}
rCold   . . .        c - +0 dagger {Adela}
rNeg    . . .        g - +0 leather armour
rPois   .            (no helmet)
rElec   .            (no cloak)
rCorr   .            (no gloves)
SInv    .            (no boots)
Will    .....        (amulet unavailable)
Stlth   +            (ring unavailable)
HPRegen 0.26/turn    (ring unavailable)
MPRegen 0.09/turn    (no gizmo)

%: no passive effects
@: confused, revved
A: off-hand wielding, slow wielding, warmup strikes, no jewellery
a: Invent Gizmo, Renounce Religion, Berserk, Trog's Hand


You were on level 3 of the Dungeon.
You worshipped Trog.
Trog was pleased with you.
You visited 1 branch of the dungeon, and saw 3 of its levels.

You collected 142 gold pieces.

Inventory:

Hand Weapons
 a - a +0 hand axe (weapon) {Constanze}
 c - a +0 dagger (offhand) {Adela}
Armour
 g - a +0 leather armour (worn)
 k - a +0 ring mail
Scrolls
 d - a scroll of enchant armour {unknown}
 e - a scroll of teleportation {unknown}
 f - 4 scrolls of identify {unknown}
 j - a scroll of amnesia {unknown}
Potions
 b - a potion of ambrosia {unknown}
 h - a potion of degeneration {unknown}
 i - a potion of resistance {unknown}
 l - a potion of invisibility {unknown}


   Skills:
 + Level 3.6 Fighting
 + Level 3.6 Axes
 + Level 2.5 Armour
 + Level 2.6 Dodging


You had 3 spell levels left.
You didn't know any spells.
Your spell library was empty.

Dungeon Overview and Level Annotations

Branches:
Dungeon (3/15)

Altars:


Innate Abilities, Weirdness & Mutations

You can wield a second weapon in your off-hand.
It takes a long time for you to wield or remove held weapons.
Your first few attacks do less damage.
You cannot equip rings or amulets.


Message History

You closely miss the orc wizard with your +0 dagger.
The orc wizard is severely wounded.
You closely miss the orc wizard with your +0 hand axe.
The orc wizard barely misses you.
You bump into the rock wall.
The orc wizard casts a spell at you. The puff of flame hits you.
You're too confused to move!
The orc wizard hits you but does no damage.
You hit the orc wizard but do no damage.
The orc wizard is severely wounded.
You hit the orc wizard with your +0 hand axe.
The orc wizard gestures at you while chanting.
You are more confused.
The orc wizard mumbles some strange words.
The orc wizard flickers and vanishes!
Deactivating autopickup; reactivate with Ctrl-A.
You bump into the rock wall.
You hear some strange, mumbled words.
A magic dart appears from out of thin air!
The magic dart hits you!
You bump into the rock wall.
You hear some strange, mumbled words.
Something tries to affect you, but you resist.
You closely miss something with your +0 hand axe.
You hit something with your +0 dagger. Trog accepts your kill.
Trog appreciates your killing of a magic user.
Reactivating autopickup.
You feel a bit more experienced. The orc hits you with a +0 flail!
* * * LOW HITPOINT WARNING * * *
You barely miss the orc with your +0 hand axe.
The orc is severely wounded.
You completely miss the orc with your +0 dagger.
The orc barely misses you.
You bump into the rock wall.
The orc priest calls upon Beogh to heal the orc.
The orc's wounds heal themselves!
The orc closely misses you.
You bump into the rock wall.
The orc hits you with a +0 flail!
You die...

#. ##'## ≈ #. ##...##≈
.#### ##.....#≈ ..#.##
##......#≈
#######....####.......'#
....o.........+.........
#oo..# #......... #o#.##
##.<.....# ##@###
##>....## #...# ##..)##
#..## ##†## #.## #.# #|#
#.# #.############.####
#..........##...#..
#########.........#
#........#..


You could see an orc priest and 2 orcs.

Vanquished Creatures
  An orc wizard (D:3)
  An adder (D:3)
  A dart slug (D:1)
  A ribbon worm (D:2)
  3 ball pythons
  6 bats
  8 endoplasms
  A giant cockroach (D:1)
  4 goblins (D:2)
  4 hobgoblins (D:2)
  2 jackals (D:2)
  5 kobolds
  A quokka (D:1)
  3 frilled lizards (D:1)
  6 rats
47 creatures vanquished.

Notes
Turn   | Place    | Note
-------+----------+-------------------------------------------
     0 | D:1      | senseless the Coglin Berserker began the quest for the Orb.
     0 | D:1      | Reached XP level 1. HP: 18/18 MP: 1/1
    72 | D:1      | Reached XP level 2. HP: 24/24 MP: 2/2
   421 | D:1      | Reached XP level 3. HP: 26/29 MP: 3/3
   444 | D:1      | Reached ** piety under Trog
  1259 | D:2      | Found a faded altar of an unknown god.
  1615 | D:3      | Reached XP level 4. HP: 26/35 MP: 4/4
  1804 | D:3      | Slain by an orc

Illustrated notes

Levels and vault maps discovered:
D:1:      amcnicky_arrival_gap_in_the_tavern_cellar, layout_basic
D:2:      layout_loops_corners, ebering_ecumenical_altar_box
D:3:      layout_loops_corners, nicolae_overflow_hidden_temple,
          chequers_serial_rivers_room_a

Skill      XL: |  1  2 |
---------------+-------+-----
Dodging        | 2 |  2.6
Armour         | 2 |  2.5
Fighting       | |  3.6
Axes           | |  3.6

Action                     |  1- 3 |  4- 6 || total
---------------------------+-------+-------++-------
  Melee: Hand axe          |   111 |    12 ||   123
         Dagger            |   103 |    13 ||   116
   Stab: Sleeping          |     1 |       ||     1
 Armour: Animal skin       |    23 |       ||    23
         Leather armour    |    35 |    10 ||    45
  Dodge: Dodged            |    83 |     9 ||    92

Table legend: (Time is in decaauts)
 A = Elapsed time spent in this place.
 B = Non-inter-level travel time spent in this place.
 C = Inter-level travel time spent in this place.
 D = Time resting spent in this place.
 E = Time spent auto-exploring this place.
 F = Levels seen in this place.
 G = Mean time per level.
                   A        B        C        D        E       F      G
               +--------+--------+--------+--------+--------+-----+--------+
         Total |   1812 |   1718 |     94 |      0 |   1380 |   3 |  604.0 |
       Dungeon |   1812 |   1718 |     94 |      0 |   1380 |   3 |  604.0 |
               +--------+--------+--------+--------+--------+-----+--------+

Top non-repeatable levels by time:
     D:2: 909 daAuts
     D:1: 694 daAuts
     D:3: 208 daAuts
